 Dungeon Crawl Stone Soup version 0.22.1-2-g9c5b331 (webtiles) character file.

23 myga the Magician (level 2, -1/33 HPs)
             Began as a Deep Dwarf Wizard on Nov 27, 2018.
             Slain by a kobold
             ... wielding a +0 short sword
              (2 damage)
             ... on level 2 of the Dungeon.
             The game lasted 00:10:19 (1204 turns).

myga the Magician (Deep Dwarf Wizard)               Turns: 1204, Time: 00:10:19

Health: -1/33      AC: 21    Str: 10    XL:     2   Next: 72%
Magic:  1/6        EV:  2    Int: 18    God:
Gold:   26         SH:  0    Dex: 11    Spells: 0/7 levels left

rFire    . . .     SeeInvis .   o - -1 whip (curse)
rCold    . . .     Gourm    .   (no shield)
rNeg     + + +     Faith    .   (armour currently unavailable)
rPois    +         Spirit   .   (helmet currently unavailable)
rElec    .         Reflect  .   (cloak currently unavailable)
rCorr    .         Harm     .   (gloves currently unavailable)
MR       .....     NoTele   +   (boots currently unavailable)
Stlth    ++........             (no amulet)
HPRegen  0.00/turn              f - ring of wizardry
MPRegen  0.10/turn              (no ring)

@: tree-form, very slightly contaminated, non-regenerating
A: damage resistance, heal wounds, sense surroundings 1, no regeneration
a: Heal Wounds


You were on level 2 of the Dungeon.
You were not hungry.
You were a tree.
You visited 1 branch of the dungeon, and saw 2 of its levels.

You collected 26 gold pieces.

Inventory:

Hand Weapons
 j - a +0 club
 o - a cursed -1 whip (weapon)
 q - a +0 whip
Missiles
 c - 32 stones (quivered)
 m - 19 bolts
Armour
 a - a +0 robe
 b - a +0 hat (melded)
 i - a +0 robe (melded)
 k - a +0 buckler
Jewellery
 f - a ring of wizardry (left branch)
Potions
 p - a potion of brilliance
Comestibles
 d - a ration
 g - 3 chunks of flesh


   Skills:
 + Level 2.7 Dodging
 + Level 2.4 Stealth
 + Level 0.4 Unarmed Combat
 + Level 3.2 Spellcasting
 + Level 0.8 Conjurations
 + Level 0.8 Summonings
 + Level 1.1 Translocations


You couldn't memorise any spells.
You knew the following spells:

 Your Spells              Type           Power        Failure   Level  Hunger
a - Magic Dart            Conj           #...         4%          1    None
b - Call Imp              Summ           #.......     7%          2    ##.....
c - Blink                 Tloc           N/A          6%          2    ##.....
d - Slow                  Hex            #.......     10%         2    ##.....

Your spell library contained the following spells:

 Spells                   Type           Power        Failure   Level  Hunger
 Conjure Flame            Conj/Fire      #.......     16%         3    ###....
 Mephitic Cloud           Conj/Pois/Air  #.......     16%         3    ###....


Dungeon Overview and Level Annotations

Branches:
Dungeon (2/15)

Altars:


Innate Abilities, Weirdness & Mutations

You are resistant to damage.
You can heal yourself by infusing magical energy.
You passively map a small area around you.
You do not regenerate.


Message History

You barely miss the adder. The adder bites you but does no damage.
The kobold hits you but does no damage.
You barely miss the adder. The adder bites you but does no damage.
The kobold hits you but does no damage.
You closely miss the adder. The adder bites you but does no damage.
The kobold barely misses you. The adder bites you but does no damage.
You barely miss the kobold. The adder bites you but does no damage.
The kobold hits you but does no damage.
You closely miss the kobold. The adder bites you but does no damage.
The kobold hits you but does no damage. The adder bites you but does no damage.
You closely miss the kobold. The kobold hits you but does no damage.
The adder bites you but does no damage.
You hit the kobold.
The kobold is severely wounded.
The adder bites you but does no damage. The kobold hits you but does no damage.
The adder bites you but does no damage.
You closely miss the kobold.
The kobold is severely wounded.
The kobold hits you with a short sword.
You die...

### ####.#
#.K..#
#♣##.####
#S#.....# *
* *#.#.[##.#
, ,#.#?.#..#
*
#.#....####
*
#.#.......#
*
#.#<...#.##
* #.#....#,#
,#.#.......#


You could see an adder and a kobold.

Vanquished Creatures
  A dart slug (D:1)
  2 leopard geckos (D:1)
  2 giant cockroaches (D:1)
  A hobgoblin (D:1)
  4 jackals (D:1)
  2 kobolds (D:1)
  2 bats (D:1)
  A rat (D:1)
15 creatures vanquished.

Vanquished Creatures (collateral kills)
  A frilled lizard (D:1)
1 creature vanquished.

Grand Total: 16 creatures vanquished

Notes
Turn   | Place    | Note
-------+----------+-------------------------------------------
     0 | D:1      | myga the Deep Dwarf Wizard began the quest for the Orb.
     0 | D:1      | Reached XP level 1. HP: 15/15 MP: 4/4
   138 | D:1      | Reached skill level 3 in Spellcasting
   211 | D:1      | Reached XP level 2. HP: 22/22 MP: 3/6
   933 | D:1      | Learned a level 2 spell: Call Imp
   936 | D:1      | Learned a level 2 spell: Blink
   939 | D:1      | Learned a level 2 spell: Slow
  1192 | D:2      | HP: 1/22 [kobold/short sword (1)]
  1204 | D:2      | Slain by a kobold

Skill      XL: |  1 |
---------------+----+-----
Spellcasting   | 3 |  3.2
Dodging        | |  2.7
Stealth        | |  2.4
Unarmed Combat | |  0.4
Conjurations   | |  0.8
Summonings     | |  0.8
Translocations | |  1.1

Action                   || total
-------------------------++-------
Melee: Club              ||    45
       Unarmed           ||     5
       Whip              ||    10
Throw: Stone             ||     1
 Cast: Magic Dart        ||    32
       Blink             ||     2
       Slow              ||     1
       Call Imp          ||     1
  Use: Scroll            ||     3
       Potion            ||     2
  Eat: Chunk             ||     1
Armor: Robe              ||    10
       Skin              ||    24
Dodge: Dodged            ||    60
